 Dungeon Crawl Stone Soup version 0.24.0-29-g8ce449bc06 (webtiles) character file.

Game seed: 11548224091761100557, levelgen mode: deterministic

66 Descartes the Scratcher (level 3, -1/15 HPs)
             Began as a Felid Transmuter on Nov 16, 2019.
             Slain by Natasha (8 damage)
             ... on level 3 of the Dungeon.
             The game lasted 00:07:24 (4023 turns).

Descartes the Scratcher (Felid Transmuter)          Turns: 4023, Time: 00:07:24

Health: -1/15      AC:  1    Str:  7    XL:     3   Next: 96%
Magic:  6/7        EV: 19    Int: 14    God:
Gold:   238        SH:  0    Dex: 16    Spells: 5/6 levels left
                                        Lives:  0   Deaths: 1

rFire    . . .     SeeInvis +     - Unarmed
rCold    . . .     Gourm    .   (shield unavailable)
rNeg     . . .     Faith    .   (armour unavailable)
rPois    .         Spirit   .   (helmet unavailable)
rElec    .         Reflect  .   (cloak unavailable)
rCorr    .         Harm     .   (gloves unavailable)
MR       .....                  (boots unavailable)
Stlth    +++.......             (no amulet)
HPRegen  0.05/turn              (no ring)
MPRegen  0.10/turn              (no ring)

@: appendage, slowed, slow
A: very small, no armour, no weapons or thrown items, stealth, claws 1, fangs 3,
horns 2, see invisible, carnivore, speed 1, shaggy fur 1, slow metabolism 1,
sharp paws
a: End Transformation


You were on level 3 of the Dungeon.
You were not hungry.
You had grown temporary horns.
You visited 1 branch of the dungeon, and saw 3 of its levels.

You collected 238 gold pieces.

Inventory:

Missiles
 a - 12 arrows
 f - 66 stones
Jewellery
 k - a +4 ring of dexterity {unknown}
Scrolls
 b - 2 scrolls of remove curse {unknown}
 g - 3 scrolls of identify {unknown}
 h - 2 scrolls of teleportation {unknown}
 j - a scroll of enchant armour {unknown}
 n - a scroll of amnesia {unknown}
 o - a scroll of immolation {unknown}
Potions
 d - 3 potions of heal wounds {unknown}
 e - a potion of flight {unknown}
 l - 2 potions of curing {unknown}
 m - a potion of ambrosia {unknown}
 p - a potion of lignification {unknown}
Comestibles
 c - 4 rations


   Skills:
 - Level 1.0 Fighting
 + Level 4.1 Dodging
 + Level 3.1 Stealth
 * Level 4.5 Unarmed Combat
 - Level 2.0 Spellcasting
 - Level 2.1 Transmutations


You had 5 spell levels left.
You knew the following spells:

 Your Spells              Type           Power        Failure   Level  Hunger
a - Beastly Appendage     Tmut           #.....       10%         1    ##.....

Your spell library contained the following spells:

 Spells                   Type           Power        Failure   Level  Hunger
 Sticks to Snakes         Tmut           #.......     14%         2    ###....
 Spider Form              Tmut/Pois      #.........   41%         3    ####...
 Ice Form                 Ice/Tmut       #.......     83%         4    #####..
 Blade Hands              Tmut           #.........   95%         5    ######.


Dungeon Overview and Level Annotations

Branches:
Dungeon (3/15)

Altars:
Dithmenos
Kikubaaqudgha
Okawaru
Qazlal
Ru
Sif Muna
Zin

Annotations:
D:3 3 runed translucent doors, Curus's ghost, amateur MiGl; Natasha; Teror's ghost, amateur DsNe; glosham's ghost, weakling FeBe


Innate Abilities, Weirdness & Mutations

You cannot wear armour.
You are incapable of wielding weapons or throwing items.
Your paws allow you to move quietly. (Stealth)
You have sharp claws.
You have razor-sharp teeth.
You have supernaturally acute eyesight. (SInv)
You are carnivorous and can eat meat at any time.
You cover ground quickly.
You are covered in fur. (AC +1)
You have a slow metabolism.
Your sharp claws are effective at attacking unaware monsters.
You have a pair of horns on your head.


Message History

You extend your transformation's duration.
Your transformation is almost over.
Natasha barely misses you. Natasha barely misses you.
Natasha casts a spell at you. You resist with some effort.
Natasha no longer looks unusually strong.
Your horns disappear.
Casting: Beastly Appendage (safe; 10% risk of failure)
Confirm with . or Enter, or press ? or * to list all spells.
You grow a pair of large bovine horns.
Natasha stares at you and mumbles some strange words.
The magic dart hits you!
Ouch! That really hurt!
Natasha barely misses you.
You scratch Natasha. You bite Natasha.
Natasha is heavily wounded.
Natasha claws you!
Ouch! That really hurt!
You die...

***** **,..****####
****,,*..,,,,..#
,,,*,,*,.##**#.#
,,,,,,*,...###.##
8,,***####......######
*,,,,,#....###.h@....#
8,***>#.....[...####.#
,,* #.#........#.###.#
*,**#..†....#)###.##.#
,,,,#.......##.#..##.#
*,*,#.......##..#.##.#
*,*,#.......##.......#
,,*,#...<...#####.####
****#.......# #.#


You could see Natasha.

Vanquished Creatures
  Natasha (twice) (D:3)
  2 adders (D:3)
  A dart slug (D:3)
  3 leopard geckos
  An orc (D:3)
  2 ball pythons (D:3)
  3 giant cockroaches
  6 goblins
  7 hobgoblins
  8 jackals
  4 bats
  2 frilled lizards
  8 kobolds
  11 rats
60 creatures vanquished.

Notes
Turn   | Place    | Note
-------+----------+-------------------------------------------
     0 | D:1      | Descartes the Felid Transmuter began the quest for the Orb.
     0 | D:1      | Reached XP level 1. HP: 9/9 MP: 4/4
   233 | D:1      | Reached skill level 1 in Stealth
   266 | D:1      | Reached XP level 2. HP: 12/12 MP: 6/6
  1714 | D:2      | Reached XP level 3. HP: 15/15 MP: 7/7
  2244 | D:2      | Found an iron altar of Okawaru.
  2247 | D:2      | Found a shimmering blue altar of Sif Muna.
  2248 | D:2      | Found an ancient bone altar of Kikubaaqudgha.
  2338 | D:2      | Noticed a fire elemental
  2339 | D:2      | Found a stormy altar of Qazlal.
  2341 | D:2      | Noticed a water elemental
  2342 | D:2      | Noticed an earth elemental
  2342 | D:2      | Noticed an air elemental
  2391 | D:3      | Found a runed translucent gate.
  2391 | D:3      | Found a runed translucent gate.
  2391 | D:3      | Found a runed translucent gate.
  2680 | D:3      | Noticed glosham's ghost (weakling FeBe)
  2680 | D:3      | Noticed Curus's ghost (amateur MiGl)
  2681 | D:3      | Noticed Teror's ghost (amateur DsNe)
  2721 | D:3      | Found a shadowy altar of Dithmenos.
  2763 | D:3      | Found an iron altar of Okawaru.
  2986 | D:3      | Reached XP level 4. HP: 19/19 MP: 6/8
  2988 | D:3      | Noticed Natasha
  3287 | D:3      | Found a sacrificial altar of Ru.
  3287 | D:3      | Found a glowing silver altar of Zin.
  3434 | D:3      | Killed Natasha
  3696 | D:3      | Noticed Natasha
  3712 | D:3      | Killed Natasha
  3929 | D:3      | Noticed Natasha
  3983 | D:3      | Mangled by Natasha
  3984 | D:3      | Reached XP level 3. HP: -9/15 MP: 7/7
  4023 | D:3      | Slain by Natasha

Levels and vault maps discovered:
D:1:      eino_arrival_water_star, layout_basic, minmay_heptomino_o4
D:2:      layout_loops_ring, gammafunk_temple_overflow_forgotten,
          nicolae_qazlal_style_of_elements
D:3:      layout_loops_cross, nicolae_overflow_crystal_walls,
          chequers_temple_overflow_statue_of_worship, gammafunk_ghost_cemetery,
          minmay_statues_item, okawaru_gym_becter, uniq_natasha

Skill      XL: |  1  2  3  4 |
---------------+-------------+-----
Dodging        | 3 4 |  4.1
Stealth        | 1 2 3 |  3.1
Unarmed Combat | 4 |  4.5
Fighting       | |  1.0
Spellcasting   | |  2.0
Transmutations | |  2.1

Action                   |  1- 3 |  4- 6 || total
-------------------------+-------+-------++-------
Melee: Unarmed           |   133 |    46 ||   179
       Bite              |    11 |     1 ||    12
       Punch             |     1 |     1 ||     2
       Headbutt          |     7 |     6 ||    13
 Cast: Beastly Appendage |    17 |     8 ||    25
 Stab: Sleeping          |     7 |       ||     7
  Eat: Chunk             |    12 |     2 ||    14
Armor: Skin              |     4 |     2 ||     6
Dodge: Dodged            |    96 |    30 ||   126
